 Dungeon Crawl Stone Soup version 0.20.1-1-g8b1a95d (webtiles) character file.

8777 Energizer the Carver (level 11, -6/86 HPs)
             Began as a Demonspawn Chaos Knight on July 21, 2017.
             Mangled by a yak (14 damage)
             ... on level 2 of the Lair of Beasts.
             The game lasted 00:47:59 (13512 turns).

Energizer the Carver (Demonspawn Chaos Knight)     Turns: 13512, Time: 00:48:00

Health: -6/86      AC: 12    Str: 18    XL:     11   Next: 14%
Magic:  11/11      EV: 16    Int: 15    God:    Xom [.....*]
Gold:   1162       SH: 11    Dex: 25    Spells: 10/10 levels left

rFire    x . .     SeeInvis .   Q - +0 falchion
rCold    + . .     Gourm    +   x - +0 shield
rNeg     . . .     Faith    .   i - +2 leather armour of Becom {rElec Dex+9}
rPois    .         Spirit   .   (helmet restricted)
rElec    +         Reflect  .   u - +0 cloak
rCorr    +         Harm     .   K - +0 pair of gloves
MR       .....     Clarity  +   (no boots)
Stlth    +++.......             L - amulet of the gourmand
Regen    0.3/turn               t - ring of ice
MPRegen  0.2/turn               R - +5 ring of dexterity

@: about to teleport
A: antennae 1, talons 2, yellow scales 3, clarity, clever 1, clumsy 1, demonic
guardian 2, nightstalker 1, strong 1
a: Renounce Religion


You were on level 2 of the Lair of Beasts.
You worshipped Xom.
You were Xom's teddy bear.
You were very full.

You visited 2 branches of the dungeon, and saw 11 of its levels.

You collected 1162 gold pieces.

Inventory:

Hand Weapons
 Q - a +0 falchion (weapon)
Armour
 i - the +2 leather armour of Becom (worn) {rElec Dex+9}
   (You found it on level 4 of the Dungeon)

   It affects your dexterity (+9).
   It insulates you from electricity.
 u - a +0 cloak (worn)
 w - a +0 buckler
 x - a +0 shield (worn)
 K - a +0 pair of gloves (worn)
Jewellery
 t - a ring of ice (left hand)
 D - an uncursed ring of ice
 L - an amulet of the gourmand (around neck)
 R - a +5 ring of dexterity (right hand)
Wands
 b - a wand of random effects (36/48)
 E - a wand of flame (7/48)
 H - a wand of paralysis (7/24)
 P - a wand of polymorph (9/24)
 T - a wand of random effects (24/48)
 U - a wand of lightning (2/15)
 W - a wand of lightning (4/15)
 Y - a wand of enslavement (6/24)
Scrolls
 a - a scroll of noise {unknown}
 e - 5 scrolls of teleportation
 f - 4 scrolls of amnesia {unknown}
 h - a scroll of enchant weapon {unknown}
 j - 5 scrolls of identify
 p - a scroll of blinking {unknown}
 q - 2 scrolls of enchant armour {unknown}
 v - 2 scrolls of fog {unknown}
 y - 3 scrolls of magic mapping {unknown}
 F - a scroll of brand weapon {unknown}
 J - 9 scrolls of remove curse
 O - 2 scrolls of recharging {unknown}
 S - a scroll of fear {unknown}
 V - a scroll of random uselessness {unknown}
 X - a scroll of torment {unknown}
Potions
 g - 3 potions of lignification
 k - a potion of ambrosia
 l - 4 potions of agility
 m - 2 potions of berserk rage
 n - 3 potions of flight
 o - 3 potions of curing
 s - 3 potions of invisibility
 z - a potion of might {unknown}
 A - 2 potions of resistance
 G - a potion of magic {unknown}
 I - a potion of haste {unknown}
 M - a potion of heal wounds {unknown}
 N - 3 potions of brilliance
Books
 r - a book of Power

   Spells                             Type                      Level
   a - Iskenderun's Battlesphere      Conjuration/Charms           5
   b - Venom Bolt                     Conjuration/Poison           5
   c - Bolt of Magma                  Conjuration/Fire/Earth       5
   d - Iron Shot                      Conjuration/Earth            6
   e - Orb of Destruction             Conjuration                  7
   f - Spellforged Servitor           Conjuration/Summoning        7
 Z - a book of Cantrips

   Spells                             Type                      Level
   a - Confusing Touch                Hexes                        1
   b - Animate Skeleton               Necromancy                   1
   c - Summon Small Mammal            Summoning                    1
   d - Apportation                    Translocation                1
Comestibles
 c - 7 bread rations
 d - 3 meat rations
 B - 30 royal jellies
 C - 4 fruits


   Skills:
 + Level 8.0 Fighting
 * Level 9.7 Long Blades
 + Level 6.8 Armour
 + Level 6.4 Dodging
 + Level 6.1 Shields


You had 10 spell levels left.
You didn't know any spells.

Dungeon Overview and Level Annotations

Branches:
Dungeon (9/15)             Temple (0/1) D:6            Lair (2/6) D:9
    Orc (0/2) D:9
  Swamp: Lair:2-4    Shoals: Lair:2-4     Snake: Lair:2-4    Spider: Lair:2-4

Altars:
Cheibriados
Dithmenos
Elyvilon
Gozag
Kikubaaqudgha
Makhleb
Okawaru
Ru
Sif Muna
Trog
Vehumet
Xom
Yredelemnul

Annotations:
D:8 exclusion: orc wizard


Innate Abilities, Weirdness & Mutations

You have a pair of small antennae on your head.
You are completely covered in yellow scales. (AC +4, rCorr)
A demonic guardian rushes to your aid.
You are slightly more attuned to the shadows.
You have razor-sharp toenails.
You possess an exceptional clarity of mind.
Your mind is acute. (Int +2)
You are clumsy. (Dex -2)
Your muscles are strong. (Str +2)


Message History

The four-headed hydra bites you! The four-headed hydra bites you.
The four-headed hydra bites you! The yak gores you but does no damage.
The basilisk bites the fungus!
The yak gores you but does no damage. The yak gores you!
The four-headed hydra bites you. The four-headed hydra bites you! x2
The four-headed hydra bites you.
* * * LOW HITPOINT WARNING * * *
You turn to flesh and can move again.
You see here a bullfrog skeleton.
As you read the scroll of teleportation, it crumbles to dust.
You feel strangely unstable. You block the yak's attack. x2
The four-headed hydra closely misses you.
The four-headed hydra bites you!
* * * LOW HITPOINT WARNING * * *
The four-headed hydra bites you.
* * * LOW HITPOINT WARNING * * *
The four-headed hydra closely misses you.
The yak gores you!
You die...
Xom chortles!

P. # ### ##......##...# ...#.
####.### #........##.## .....#
#(.....##.........##..P
......###...........#.##.......
.....?..#.........######.....#.
.....†.#.........##.........##.
..............Y.....#........P.
.............#Pl...............
............YD@Y...............
..#.....##_##YY.##.............
........#####.#4###...........#
.#.##### ##..# ####........#
... ######..# #.........# .. .
##.#....P# #####...#.##
..#.#.....## #.###.......
..........# ##.###......
..........# #.#.........


You could see a four-headed hydra, 5 yaks, a basilisk and a friendly orange
demon.

Vanquished Creatures
  A black mamba (Lair:2)
  A rime drake (Lair:2)
  2 hippogriffs
  A yak (Lair:2)
  A hungry ghost (D:8)
  A two-headed ogre zombie (D:9)
  3 water moccasins
  A porcupine (Lair:2)
  A phantom (D:7)
  2 ice beasts
  An orc warrior (D:7)
  5 ogres
  5 wolves
  2 centaurs
  3 crocodiles
  Blork the orc (D:5)
  A big kobold (D:7)
  4 bullfrogs
  A water moccasin skeleton (D:8)
  A troll zombie (D:9)
  A howler monkey (D:5)
  3 crimson imps
  4 hounds
  6 jellies
  4 orc priests
  A centaur skeleton (D:8)
  6 orc wizards
  Natasha (D:4)
  3 worker ants
  An ogre zombie (D:9)
  A hound skeleton (D:6)
  Robin (D:3)
  3 gnolls (D:4)
  A worker ant zombie (D:6)
  10 adders
  3 shadow imps
  5 oozes (D:8)
  2 adder skeletons
  A worm (D:2)
  6 leopard geckos
  17 orcs
  6 bats
  6 giant cockroaches
  17 goblins
  5 hobgoblins
  10 jackals
  2 quokkas
  A ball python (D:1)
  4 frilled lizards
  A goblin skeleton (D:9)
  3 goblin zombies (D:9)
  2 hobgoblin skeletons (D:9)
  3 hobgoblin zombies (D:9)
  A jackal skeleton (D:4)
  12 kobolds
  A kobold zombie (D:4)
  9 orc zombies (D:9)
  9 rats
  A rat (shapeshifter) (D:3)
211 creatures vanquished.

Vanquished Creatures (collateral kills)
  2 hydras (Lair:1)
  The ghost of ReignOfFire the Slasher, a novice DsGl (D:6)
  An ugly thing (D:9)
  2 black mambas (Lair:1)
  2 spiny frogs (Lair:2)
  A komodo dragon (D:9)
  A hornet (D:9)
  Prince Ribbit (D:7)
  A hippogriff (D:7)
  5 yaks (Lair:2)
  A steam dragon (Lair:2)
  Grum (D:9)
  A hungry ghost (D:9)
  A porcupine (Lair:2)
  An ice beast (D:6)
  An orc warrior (D:5)
  A black bear (D:8)
  2 phantoms
  2 wolves (D:9)
  A centaur (D:9)
  2 ogres
  3 bullfrogs
  A wyvern zombie (D:8)
  A troll zombie (D:9)
  3 orc priests
  A jelly (D:5)
  2 orc wizards (D:7)
  4 ogre zombies (D:9)
  A howler monkey zombie (D:8)
  5 orcs
  A hobgoblin skeleton (D:9)
  A hobgoblin zombie (D:9)
  A kobold (D:7)
  5 orc zombies (D:9)
60 creatures vanquished.

Vanquished Creatures (others)
  A bullfrog (Lair:2)
  An orc (D:6)
  A bush (Lair:2)
  2 plants (D:9)
5 creatures vanquished.

Grand Total: 276 creatures vanquished

Notes
Turn   | Place    | Note
-------+----------+-------------------------------------------
     0 | D:1      | Energizer the Demonspawn Chaos Knight began the quest for the Orb.
     0 | D:1      | Reached XP level 1. HP: 18/18 MP: 1/1
     6 | D:1      | XOM: divination: detect creatures
    42 | D:1      | XOM: divination: detect creatures
   110 | D:1      | Reached skill level 1 in Dodging
   201 | D:1      | XOM: silly message
   204 | D:1      | XOM: harmless Chrm miscast
   219 | D:1      | Gained mutation: You are partially covered in yellow scales. (AC +2) [demonic ancestry]
   219 | D:1      | Reached XP level 2. HP: 20/24 MP: 2/2
   384 | D:1      | Reached skill level 3 in Long Blades
   678 | D:2      | Found a shimmering altar of Xom.
   895 | D:2      | Gained mutation: You are mostly covered in yellow scales. (AC +3) [demonic ancestry]
   895 | D:2      | Reached XP level 3. HP: 29/29 MP: 3/3
  1063 | D:2      | XOM: divination: detect creatures
  1493 | D:3      | Noticed Robin
  1505 | D:3      | Reached XP level 4. HP: 33/35 MP: 4/4
  1621 | D:3      | Killed Robin
  1691 | D:3      | XOM: enchant monster (good)
  1746 | D:3      | Reached skill level 1 in Shields
  1957 | D:3      | Gained mutation: You are slightly more attuned to the shadows. [demonic ancestry]
  1957 | D:3      | Reached XP level 5. HP: 40/42 MP: 5/5
  2021 | D:3      | XOM: silly message
  2219 | D:4      | Noticed an ogre
  2240 | D:4      | XOM: summons 4 friendly demons
  2242 | D:4      | Killed an ogre
  2242 | D:4      | Reached skill level 4 in Long Blades
  2242 | D:4      | Reached XP level 6. HP: 30/48 MP: 6/6
  2304 | D:4      | XOM: mild Summ miscast
  2481 | D:4      | Got a faintly humming leather armour
  2539 | D:4      | Found a shadowy altar of Dithmenos.
  2599 | D:4      | Found a runed door.
  2599 | D:4      | Found a basalt altar of Yredelemnul.
  2599 | D:4      | XOM: 7-stop teleportation journey
  2634 | D:4      | XOM: give mutations
  2634 | D:4      | Gained mutation: Scrolls take you a little longer to read. [Xom's mischief]
  2634 | D:4      | Gained mutation: Armour fits poorly on your strangely shaped body. [Xom's mischief]
  2634 | D:4      | Gained mutation: You are clumsy. (Dex -2) [Xom's mischief]
  2826 | D:4      | Noticed Natasha
  2830 | D:4      | XOM: give mutations
  2830 | D:4      | Gained mutation: Scrolls take you longer to read. [Xom's mischief]
  2830 | D:4      | Gained mutation: Potions are less effective at restoring your health. [Xom's mischief]
  2830 | D:4      | Gained mutation: You are very clumsy. (Dex -4) [Xom's mischief]
  2834 | D:4      | Killed Natasha
  2863 | D:4      | Noticed a human
  2995 | D:4      | Found a snail-covered altar of Cheibriados.
  2995 | D:4      | Found a radiant altar of Vehumet.
  3024 | D:4      | XOM: harmless Tmut miscast
  3055 | D:4      | XOM: harmless Tloc miscast
  3060 | D:5      | Entered Level 5 of the Dungeon
  3077 | D:5      | Noticed an ice beast
  3197 | D:5      | Noticed Blork the orc
  3204 | D:5      | Killed Blork the orc
  3335 | D:5      | XOM: enchant monster (bad)
  3343 | D:5      | Gained mutation: A weak demonic guardian rushes to your aid. [demonic ancestry]
  3343 | D:5      | Reached XP level 7. HP: 52/55 MP: 7/7
  3594 | D:5      | XOM: god gift: sapphire potion {god gift}
  3689 | D:5      | XOM: give mutations
  3689 | D:5      | Gained mutation: Your mind is acute. (Int +2) [Xom's grace]
  3689 | D:5      | Gained mutation: You are robust. (+10% HP) [Xom's grace]
  3689 | D:5      | Gained mutation: Your system is resistant to poisons. (rPois) [Xom's grace]
  3689 | D:5      | Gained mutation: Your muscles are strong. (Str +2) [Xom's grace]
  3738 | D:5      | XOM: silly message
  3754 | D:5      | Reached skill level 5 in Long Blades
  4132 | D:5      | Reached skill level 5 in Fighting
  4221 | D:6      | Found a burning altar of Makhleb.
  4237 | D:6      | Found a staircase to the Ecumenical Temple.
  4243 | D:6      | XOM: cast spell 'Olgreb's Toxic Radiance'
  4245 | D:6      | XOM: blink monster(s)
  4273 | D:6      | XOM: enchant monster (bad)
  4473 | D:5      | XOM: give mutations
  4473 | D:5      | Lost mutation: Armour fits poorly on your strangely shaped body. [Xom's mischief]
  4473 | D:5      | Gained mutation: You occasionally shout uncontrollably at your foes. [Xom's mischief]
  4473 | D:5      | Lost mutation: You occasionally shout uncontrollably at your foes. [Xom's mischief]
  4473 | D:5      | Lost mutation: Scrolls take you longer to read. [Xom's mischief]
  5054 | D:6      | Found a bloodstained altar of Trog.
  5055 | D:6      | Found a white marble altar of Elyvilon.
  5058 | D:6      | Found an iron altar of Okawaru.
  5060 | D:6      | Found an opulent altar of Gozag.
  5060 | D:6      | Found a sacrificial altar of Ru.
  5063 | D:6      | Found an ancient bone altar of Kikubaaqudgha.
  5082 | D:6      | XOM: mild Ice miscast
  5089 | D:6      | Noticed ReignOfFire's ghost (novice DsGl)
  5101 | D:6      | XOM: summons 3 hostile shadow creatures
  5114 | D:6      | XOM: cast spell 'Call Canine Familiar'
  5121 | D:6      | XOM: potion effect (haste)
  5146 | D:6      | XOM: potion effect (invisibility)
  5572 | D:6      | XOM: potion effect (haste)
  5575 | D:6      | XOM: cast spell 'Call Canine Familiar'
  5589 | D:6      | XOM: potion effect (berserk rage)
  5649 | D:6      | Gained mutation: A demonic guardian rushes to your aid. [demonic ancestry]
  5649 | D:6      | Reached XP level 8. HP: 58/68 MP: 8/8
  5658 | D:6      | Killed ReignOfFire's ghost
  5691 | D:6      | XOM: confuse monster(s)
  5891 | D:6      | Reached skill level 6 in Long Blades
  6073 | D:6      | XOM: cast spell 'Summon Hydra'
  6392 | D:6      | XOM: destruction
  6772 | D:7      | XOM: scenery: create altars
  6776 | D:7      | XOM: scenery: 1 doors close
  6850 | D:7      | XOM: polymorph ice devil -> rust devil
  6932 | D:7      | XOM: draining
  7009 | D:7      | Noticed a hippogriff
  7098 | D:7      | Noticed a hippogriff
  7102 | D:7      | Killed a hippogriff
  7102 | D:7      | Reached XP level 9. HP: 45/75 MP: 9/9
  7172 | D:7      | XOM: god gift: scroll labeled ETOPNO CUPAKA {god gift}
  7299 | D:7      | Noticed Prince Ribbit
  7321 | D:7      | XOM: god gift: chain mail {god gift}
  7497 | D:7      | Killed Prince Ribbit
  7562 | D:7      | Reached skill level 7 in Long Blades
  7601 | D:7      | XOM: scenery: create altars
  7691 | D:7      | XOM: summons friendly chaos spawn
  7904 | D:8      | XOM: summons 8 friendly demons
  7915 | D:8      | Reached skill level 5 in Armour
  8199 | D:8      | XOM: give mutation
  8199 | D:8      | Gained mutation: You possess an exceptional clarity of mind. [Xom's grace]
  8392 | D:8      | XOM: god gift: wand of polymorph (?/24) {god gift}
  8671 | D:8      | Found a deep blue altar of Sif Muna.
  8721 | D:8      | XOM: fake destruction
  8834 | D:8      | XOM: god gift: 590 gold pieces
  8951 | D:9      | XOM: scenery: create altars
  9003 | D:9      | Found a staircase to the Orcish Mines.
  9023 | D:9      | Reached skill level 5 in Dodging
  9054 | D:9      | XOM: summons 5 friendly demons
  9056 | D:9      | Reached skill level 8 in Long Blades
  9094 | D:9      | XOM: summons friendly quasit
  9336 | D:9      | XOM: confuse monster(s)
  9407 | D:9      | XOM: scenery: create altars
  9455 | D:9      | Noticed a green ugly thing
  9467 | D:9      | Killed a green ugly thing
  9467 | D:9      | Reached XP level 10. HP: 50/86 MP: 10/10
  9782 | D:9      | Noticed Grum
  9796 | D:9      | Reached skill level 5 in Shields
  9815 | D:9      | Killed Grum
  9890 | D:9      | XOM: cloud trail
  9933 | D:9      | XOM: god gift: potion of invisibility
 10043 | D:9      | Found a staircase to the Lair.
 10290 | D:9      | XOM: scenery: create altars
 10765 | Lair:1   | Entered Level 1 of the Lair of Beasts
 10807 | Lair:1   | Identified the +2 leather armour of Becom {rElec Dex+9} (You found it on level 4 of the Dungeon)
 10916 | D:9      | Lost mutation: Your system is resistant to poisons. (rPois) [potion of mutation]
 10916 | D:9      | Lost mutation: You are robust. (+10% HP) [potion of mutation]
 10916 | D:9      | Lost mutation: Scrolls take you a little longer to read. [potion of mutation]
 10916 | D:9      | Lost mutation: You possess an exceptional clarity of mind. [potion of mutation]
 10916 | D:9      | Gained mutation: You have sharp toenails. [potion of mutation]
 10927 | Lair:1   | Noticed a five-headed hydra
 10951 | Lair:1   | XOM: summons 10 friendly demons
 10954 | Lair:1   | Killed a five-headed hydra
 10982 | Lair:1   | Noticed a black mamba
 10998 | Lair:1   | Killed a black mamba
 11017 | Lair:1   | XOM: cloud trail
 11428 | Lair:1   | Noticed a black mamba
 11433 | Lair:1   | Killed a black mamba
 11441 | Lair:1   | XOM: god gift: 16 royal jellies
 11519 | Lair:1   | XOM: cleaving
 11529 | Lair:1   | Reached skill level 9 in Long Blades
 11594 | Lair:1   | XOM: scenery: create altars
 11759 | Lair:1   | Noticed a six-headed hydra
 11774 | Lair:1   | Killed a nine-headed hydra
 11894 | Lair:1   | XOM: give mutations
 11894 | Lair:1   | Gained mutation: You are completely covered in yellow scales. (AC +4, rCorr) [Xom's grace]
 11894 | Lair:1   | Gained mutation: You possess an exceptional clarity of mind. [Xom's grace]
 11894 | Lair:1   | Gained mutation: Your flesh is heat resistant. (rF+) [Xom's grace]
 11894 | Lair:1   | Gained mutation: You have razor-sharp toenails. [Xom's grace]
 12235 | Lair:1   | XOM: cloud trail
 12306 | Lair:2   | XOM: potion effect (haste)
 12310 | Lair:2   | XOM: divination: magic mapping
 12314 | Lair:2   | Noticed a spiny frog
 12345 | Lair:2   | Killed a spiny frog
 12592 | Lair:2   | XOM: harmless Tmut miscast
 12626 | Lair:2   | Noticed a spiny frog
 12631 | Lair:2   | Killed a spiny frog
 12782 | Lair:2   | Noticed a black mamba
 12799 | Lair:2   | Killed a black mamba
 12799 | Lair:2   | Gained mutation: You have a pair of small antennae on your head. [demonic ancestry]
 12799 | Lair:2   | Reached XP level 11. HP: 40/86 MP: 11/11
 12964 | Lair:2   | XOM: harmless Ice miscast
 12975 | Lair:2   | XOM: divination: magic mapping
 13033 | Lair:2   | XOM: harmless Tmut miscast
 13058 | Lair:2   | XOM: give mutations
 13058 | Lair:2   | Lost mutation: Your flesh is heat resistant. (rF+) [Xom's mischief]
 13058 | Lair:2   | Lost mutation: You are very clumsy. (Dex -4) [Xom's mischief]
 13058 | Lair:2   | Lost mutation: Potions are less effective at restoring your health. [Xom's mischief]
 13119 | Lair:2   | XOM: smoke on damage
 13168 | Lair:2   | XOM: confuse monster(s)
 13429 | Lair:2   | XOM: 4-stop teleportation journey
 13495 | Lair:2   | XOM: destruction
 13497 | Lair:2   | Noticed a four-headed hydra
 13497 | Lair:2   | XOM: scenery: create altars
 13512 | Lair:2   | Mangled by a yak

Skill      XL: |  1  2  3  4  5  6  7  8  9 10 11 |
---------------+----------------------------------+-----
Dodging        | 1 2 3 4 5 6 |  6.4
Armour         | 2 3 4 5 6 |  6.8
Long Blades    | 3 4 5 6 8 9 |  9.7
Shields        | 1 2 3 4 5 6 |  6.1
Fighting       | 4 5 7 8 |  8.0

Action                   |  1- 3 |  4- 6 |  7- 9 | 10-12 || total
-------------------------+-------+-------+-------+-------++-------
Melee: Falchion          |   122 |   174 |   659 |   223 ||  1178
       Kick              |       |       |       |    87 ||    87
Evoke: Wand              |       |       |       |     6 ||     6
  Use: Potion            |       |       |     6 |     3 ||     9
       Scroll            |       |       |       |     8 ||     8
 Stab: Sleeping          |     2 |     2 |     2 |     4 ||    10
       Confused          |     1 |       |     4 |       ||     5
       Petrified         |       |     5 |     2 |       ||     7
       Distracted        |       |     1 |     4 |     2 ||     7
       Paralysed         |       |       |     7 |       ||     7
       Invisible         |       |       |     3 |       ||     3
       Petrifying        |       |       |       |     2 ||     2
  Eat: Chunk             |     2 |     6 |    20 |    17 ||    45
       Fruit             |       |       |     4 |     1 ||     5
       Royal jelly       |       |       |       |     1 ||     1
Armor: Leather armour    |    49 |    65 |   196 |    63 ||   373
       Skin              |       |       |     6 |       ||     6
Dodge: Dodged            |    92 |   116 |   291 |   133 ||   632
Block: Buckler           |     7 |    23 |    98 |    22 ||   150
       Shield            |       |       |       |    73 ||    73
       Rpst.: Falchion   |    33 |    31 |    82 |    32 ||   178
